AoeStats
← Joaking

Arena

503940137Analyzed
4v4 RM · 1mo ago on Sep 3, 2026· 50m 13s· 8 players
Game mode
Random Map
Map size
Large (8 player)
Population
200
Speed
Normal
Resources
Standard
Victory
Conquest
Starting age
Dark Age
Ending age
Imperial Age
RankedLock teamsTeams togetherTeam positionsShared explorationLock speedFull tech treeHidden civsTurbo modeCheats
Victory
Defeat
🇲🇽 Vikings · Mexico
1113
+13
🇨🇱 Franks · Chile
1034
+16
🇺🇸 Spanish · United States
1028
+17
🇺🇸 Britons · United States
993
+18
🇹🇼 Franks · Taiwan
1071
-17
🇺🇸 Persians · United States
1044
-16
🇹🇼 Bohemians · Taiwan
1039
-16
🇦🇷 Wu · Argentina
1019
-15
Tiger333
11:17 Feudal Age
12:49 Double-Bit Axe
12:57 Horse Collar
15:25 Castle Age
14:12 Loom
17:40 Bow Saw
18:24 Heavy Plow
20:26 Gold Mining
21:29 Stone Mining
23:45 Wheelbarrow
27:24 Hand Cart
30:21 Imperial Age
29:19 Bloodlines
29:13 Husbandry
30:01 Masonry
30:12 Ballistics
30:05 Forging
30:01 Scale Barding Armor
29:47 Fletching
29:58 Padded Archer Armor
30:48 Gold Shaft Mining
30:49 Stone Shaft Mining
32:07 Two-Man Saw
31:43 Crop Rotation
31:01 Town Watch
32:57 Town Patrol
33:03 Kamandaran
34:10 Iron Casting
33:31 Bodkin Arrow
33:57 Chain Barding Armor
33:53 Leather Archer Armor
33:57 Heavy Camel Rider
35:26 Architecture
34:55 Murder Holes
35:01 Crossbowman
35:47 Thumb Ring
36:07 Parthian Tactics
36:34 Onager
38:45 Blast Furnace
38:20 Plate Barding Armor
38:16 Ring Archer Armor
40:36 Chemistry
40:08 Elite Skirmisher
40:28 Light Cavalry
41:02 Capped Ram
44:01 Siege Ram
45:59 Hussar
47:20 Elite War Elephant
未時稻暱瑠
10:50 Feudal Age
11:48 Double-Bit Axe
12:02 Loom
12:19 Gold Mining
15:05 Castle Age
16:37 Bow Saw
22:44 Gold Shaft Mining
28:20 Imperial Age
26:04 Forging
26:00 Scale Barding Armor
26:04 Stone Mining
27:21 Wheelbarrow
27:46 Iron Casting
28:05 Chain Barding Armor
28:41 Hand Cart
28:43 Husbandry
28:33 Town Watch
28:28 Cavalier
30:09 Blast Furnace
28:51 Pikeman
29:32 Squires
30:25 Plate Barding Armor
30:32 Paladin
31:53 Conscription
31:56 Scale Mail Armor
32:07 Chivalry
32:36 Fletching
33:51 Chain Mail Armor
35:20 Arson
35:30 Halberdier
37:25 #83
36:53 Elite Throwing Axeman
40:04 Plate Mail Armor
40:12 Hoardings
40:39 Chemistry
39:35 Murder Holes
39:51 Masonry
40:00 Siege Engineers
44:58 Elite Skirmisher
45:34 Bodkin Arrow
45:39 Padded Archer Armor
47:44 Leather Archer Armor
jerry80tim
11:08 Feudal Age
15:18 Castle Age
13:16 Double-Bit Axe
14:06 Loom
16:21 Bow Saw
17:34 Horse Collar
21:57 Wheelbarrow
QQ12346908
10:14 Feudal Age
14:22 Castle Age
12:27 Double-Bit Axe
14:01 Horse Collar
21:40 Bow Saw
22:11 Heavy Plow
23:01 Stone Mining
25:09 Gold Mining
26:32 Loom
27:24 Wheelbarrow
26:55 Town Watch
27:02 Pikeman
27:04 Man-at-Arms
32:41 Imperial Age
30:21 Scale Mail Armor
30:37 Forging
30:26 Elite Skirmisher
31:28 Squires
30:49 Long Swordsman
31:14 Arson
32:03 Hand Cart
31:49 Town Patrol
32:56 Gold Shaft Mining
32:57 Stone Shaft Mining
33:03 Iron Casting
32:43 Chain Mail Armor
32:55 Two-Handed Swordsman
32:56 Halberdier
34:43 Blast Furnace
34:06 Conscription
33:46 Champion
38:02 Plate Mail Armor
41:51 Bloodlines
41:41 Husbandry
43:12 Caravan
43:20 Scale Barding Armor
43:06 Fletching
43:17 Padded Archer Armor
50:06 Two-Man Saw
Baylon
2:05 Loom
9:57 Feudal Age
14:38 Castle Age
15:45 Double-Bit Axe
23:34 Padded Archer Armor
28:04 Horse Collar
28:36 Bow Saw
28:29 Stone Mining
29:08 Fletching
29:24 Gold Mining
33:33 Ballistics
37:01 Imperial Age
35:14 Murder Holes
35:30 Fortified Wall
35:59 Wheelbarrow
35:57 Scale Mail Armor
36:07 Forging
35:22 Pikeman
36:03 Squires
35:48 Gambesons
35:49 Arson
38:20 Leather Archer Armor
38:29 Elite Conquistador
39:31 Conscription
38:53 Halberdier
41:09 Iron Casting
42:03 Capped Ram
44:28 Chemistry
44:30 Blast Furnace
43:46 Chain Mail Armor
45:10 Ring Archer Armor
46:18 Siege Ram
48:12 Hand Cart
48:34 Plate Mail Armor
51:23 Hoardings
quiet_squirrel22
9:33 Loom
11:18 Feudal Age
13:06 Double-Bit Axe
15:55 Castle Age
14:25 Horse Collar
17:20 Bow Saw
18:38 Fletching
23:41 Wheelbarrow
25:52 Hand Cart
26:22 Yeomen
26:59 Gold Mining
28:28 Murder Holes
29:03 Heavy Plow
29:30 Town Watch
32:18 Imperial Age
30:14 Bodkin Arrow
31:16 Gold Shaft Mining
31:45 Padded Archer Armor
32:36 Ballistics
33:31 Bracer
34:34 Chemistry
33:46 Masonry
34:27 Leather Archer Armor
33:41 Elite Longbowman
34:41 Conscription
36:29 Ring Archer Armor
40:11 Warwolf
47:03 Hoardings
MiloJ
0:31 Loom
11:05 Feudal Age
12:17 Double-Bit Axe
12:13 Horse Collar
17:38 Castle Age
18:28 Bow Saw
18:19 Heavy Plow
22:25 Gold Mining
23:37 Stone Mining
25:15 Gold Shaft Mining
25:19 Gambesons
25:35 Squires
25:20 Arson
24:56 Pikeman
29:39 Town Watch
31:01 Town Patrol
34:01 Imperial Age
32:21 Chieftains
33:43 Forging
33:33 Scale Mail Armor
35:23 Iron Casting
35:23 Crop Rotation
35:55 Two-Man Saw
36:43 Conscription
36:27 Bogsveigar
36:04 Crossbowman
37:56 Blast Furnace
37:12 Chain Mail Armor
37:16 Fletching
37:52 Arbalester
39:36 Caravan
40:29 Bodkin Arrow
40:35 Padded Archer Armor
40:57 Ballistics
41:38 Chemistry
41:48 Bracer
41:20 Capped Ram
42:55 Leather Archer Armor
44:21 Ring Archer Armor
44:22 Plate Mail Armor
45:05 Siege Ram
45:53 Siege Engineers
46:30 Siege Ram
49:07 Elite Berserk
Joaking
10:33 Feudal Age
15:35 Castle Age
29:39 Scale Barding Armor
29:45 Forging
29:59 Loom
30:50 Wheelbarrow
30:02 Town Watch
30:06 Double-Bit Axe
33:14 Imperial Age
31:27 Chain Barding Armor
31:12 Town Patrol
31:30 Masonry
31:31 Fortified Wall
31:42 Ballistics
31:17 Stone Mining
31:17 Gold Mining
32:03 Husbandry
32:52 Iron Casting
32:33 Bow Saw
32:43 Hand Cart
33:16 Gold Shaft Mining
33:16 Cavalier
34:35 Plate Barding Armor
35:01 Blast Furnace
35:05 Chemistry
34:36 Architecture
34:13 Siege Engineers
34:10 Fletching
35:07 Paladin
38:01 Conscription
46:12 Bodkin Arrow
46:18 Padded Archer Armor
46:58 Light Cavalry
47:09 Elite Skirmisher
50:23 Leather Archer Armor
Connection lost

Rejoining the realm…

Still unreachable

The connection could not be restored.

Session expired

The server has moved on; the page needs a fresh start.